 Dungeon Crawl Stone Soup version 0.28.0-1-gb440e238dd (webtiles) character file.

Game seed: 17974137985910387457

3300 bande the Chopper (level 10, 0/61 HPs)
             Began as a Gargoyle Fighter on Feb 21, 2022.
             Was a Follower of Okawaru.
             Slain by a death yak (3 damage)
             ... on level 7 of the Dungeon.
             The game lasted 00:19:24 (9844 turns).

bande the Chopper (Gargoyle Fighter)                Turns: 9844, Time: 00:19:25

Health: 0/61       AC: 26    Str: 21    XL:     10   Next: 1%
Magic:  12/12      EV:  6    Int:  8    God:    Okawaru [*.....]
Gold:   472        SH:  5    Dex: 13    Spells: 9/9 levels left

rFire   . . .      SeeInvis +   u - +5 hand axe (elec)
rCold   . . .      Faith    .   c - +0 buckler
rNeg    + . .      Spirit   .   y - +0 plate armour
rPois   ∞          Reflect  .   f - +0 helmet
rElec   +          Harm     .   (no cloak)
rCorr   .          Rampage  .   (no gloves)
Will    +....                   g - +1 pair of boots
Stlth   ..........              (no amulet)
HPRegen 0.20/turn               j - ring of see invisible
MPRegen 0.13/turn               l - ring of willpower

@: no status effects
A: sickness immunity, AC +7, negative energy resistance 1, electricity
resistance, torment resistance 1, petrification resistance, iridescent scales 1,
sense surroundings 1
a: Renounce Religion, Heroism


You were on level 7 of the Dungeon.
You worshipped Okawaru.
Okawaru was aware of your devotion.
You visited 2 branches of the dungeon, and saw 9 of its levels.

You collected 472 gold pieces.

Inventory:

Hand Weapons
 a - a +0 war axe
 u - a +5 hand axe of electrocution (weapon)
 v - a +0 morningstar
Armour
 c - a +0 buckler (worn)
 f - a +0 helmet (worn)
 g - a +1 pair of boots (worn)
 y - a +0 plate armour (worn)
Jewellery
 j - a ring of see invisible (left hand)
 l - a ring of willpower (right hand)
 m - a +6 ring of intelligence
 p - a ring of fire
 z - a ring of protection from cold
Wands
 s - a wand of mindburst (12)
 x - a wand of paralysis (10)
 A - a wand of acid (6)
Scrolls
 b - 3 scrolls of amnesia
 i - a scroll of fear
 n - 4 scrolls of teleportation
 r - a scroll of enchant armour
 w - a scroll of blinking
Potions
 d - 2 potions of might
 e - a potion of magic
 h - 6 potions of curing
 k - 3 potions of brilliance
 o - 5 potions of haste
 q - 3 potions of flight
 t - a potion of mutation


   Skills:
 + Level 6.7 Fighting
 + Level 7.8 Axes
 + Level 7.3 Armour
 - Level 0.1 Dodging
 - Level 0.4 Stealth
 + Level 5.3 Shields
 * Level 3.0 Invocations
 * Level 4.8 Evocations


You had 9 spell levels left.
You didn't know any spells.
Your spell library contained the following spells:

 Spells                   Type           Power      Damage    Failure   Level
 Apportation              Tloc           0%         N/A       100%        1
 Animate Skeleton         Necr           Unusable   N/A       N/A         1
 Summon Small Mammal      Summ           Unusable   N/A       N/A         1

Dungeon Overview and Level Annotations

Branches:
Dungeon (8/15)             Temple (1/1) D:5
   Lair: D:8-11

Altars:
Ashenzari
Cheibriados
Dithmenos
Elyvilon
Fedhas
Hepliaklqana
Makhleb
Okawaru
Qazlal
Ru
Sif Muna
Trog
Uskayaw
Vehumet
Wu Jian
Xom
Yredelemnul
Zin
The Shining One


Innate Abilities, Weirdness & Mutations

You are immune to sickness and miasma.
Your stone body is resilient. (AC +7)
You are immune to poison.
You resist negative energy. (rN+)
You are resistant to electric shocks. (rElec)
You are resistant to unholy torment.
You are immune to petrification.
You are partially covered in iridescent scales. (AC +2)
You passively map a small area around you.


Message History

The death yak is lightly wounded.
A death yak comes into view. x2
You block the death yak's attack.
The death yak bellows!
You hit the death yak.
The death yak is lightly wounded.
You slash the death yak!
The death yak is moderately wounded.
The death yak gores you!
A death yak comes into view. x3
The death yak bellows!
You hit the death yak.
Lightning courses through the death yak!
The death yak is heavily wounded.
The death yak gores you!
A troll comes into view.
You are too injured to fight recklessly!
You are too injured to fight recklessly!
You are too injured to fight recklessly!
You are too injured to fight recklessly!
You are too injured to fight recklessly!
You are too injured to fight recklessly!
You are too injured to fight recklessly!
You are too injured to fight recklessly!
You are too injured to fight recklessly!
Unknown command.
There is an escape hatch in the ceiling here.
The death yak gores you. A mysterious force pulls you upwards.
The hatch slams shut behind you.
You hit the death yak.
The death yak is heavily wounded.
The death yak gores you but does no damage.
You barely miss the death yak.
The death yak is heavily wounded.
The death yak gores you!
* * * LOW HITPOINT WARNING * * *
You completely miss the death yak.
The death yak is heavily wounded.
The death yak gores you.
You die...

#.#####.......#.(....>..
#....##.......#.........
#....##'###...'.........
###########...##..##..###'###....
.........##...##..###'###.####'##
.........##'####...'...'..#(.....
≈≈≈≈≈≈≈≈.......#...#...#..#..#.#.
.......≈.......#.Y##..##..##.._..
.§≈≈≈§.≈.......#@.##..##..##.....
.≈...§.≈..#..#######...'..##.....
.≈._.≈.≈.##..###..##...#...#.....
.§...≈.≈.....#.........#...#....)
.≈§≈.≈.≈.....'....##..##'#######.
.......≈.....#....##..##..##...≈≈
§≈≈≈≈≈.≈.....#....#.(..#.......§#
.§...........##...#....#[......≈#
########.....##....#..##.#.####§#


You could see a death yak.

Vanquished Creatures
  Maggie (D:7)
  3 orc warriors
  A sky beast (D:6)
  Duvessa (D:5)
  2 necrophages
  An ogre (D:6)
  A black bear (D:7)
  5 centaurs
  2 phantoms
  A bullfrog (D:4)
  3 scorpions
  A water moccasin zombie (D:5)
  Dowan (D:5)
  5 wights
  3 howler monkeys (D:6)
  3 centaur zombies (D:8)
  A bullfrog zombie (D:5)
  2 jellies
  4 orc priests
  A gnoll shaman (D:8)
  2 hounds
  2 bullfrog skeletons
  5 iguanas (D:6)
  6 orc wizards
  A killer bee zombie (D:7)
  5 gnolls (D:8)
  11 adders
  A shadow imp (D:6)
  A white imp (D:6)
  2 ufetubi (D:6)
  An adder skeleton (D:4)
  2 worms (D:2)
  2 dart slugs
  24 orcs
  12 ball pythons
  6 endoplasms
  3 giant cockroaches
  7 goblins
  7 hobgoblins
  11 jackals
  2 quokkas
  4 bats
  A frilled lizard (D:2)
  4 kobolds
  2 rats
166 creatures vanquished.

Vanquished Creatures (others)
  3 plants (D:8)
3 creatures vanquished.

Grand Total: 169 creatures vanquished

Notes
Turn   | Place    | Note
-------+----------+-------------------------------------------
     0 | D:1      | bande the Gargoyle Fighter began the quest for the Orb.
     0 | D:1      | Reached XP level 1. HP: 14/14 MP: 1/1
    56 | D:1      | Found a faded altar of an unknown god.
   104 | D:1      | Reached XP level 2. HP: 19/19 MP: 2/2
   835 | D:2      | Reached XP level 3. HP: 20/24 MP: 3/3
  1552 | D:2      | Reached XP level 4. HP: 29/29 MP: 4/4
  2727 | D:3      | You fall into a shaft and drop 1 floor!
  2745 | D:3      | Found an ornate altar of the Wu Jian Council.
  3001 | D:3      | Reached XP level 5. HP: 32/33 MP: 5/5
  4136 | D:4      | Reached skill level 1 in Evocations
  4136 | D:4      | Reached XP level 6. HP: 37/39 MP: 6/6
  4424 | D:5      | Entered Level 5 of the Dungeon
  4428 | D:5      | Noticed a necrophage
  4456 | D:4      | Killed a necrophage
  4967 | D:5      | Noticed Dowan
  4967 | D:5      | Noticed Duvessa
  4988 | D:5      | Killed Duvessa
  4989 | D:5      | Reached XP level 7. HP: 28/44 MP: 7/7
  5002 | D:5      | Killed Dowan
  5345 | D:5      | Found a radiant altar of Vehumet.
  5348 | D:5      | Found a basalt altar of Yredelemnul.
  5411 | D:5      | Reached skill level 5 in Fighting
  5436 | D:5      | Reached skill level 5 in Axes
  5512 | D:5      | Reached skill level 5 in Armour
  5686 | D:5      | Found a staircase to the Ecumenical Temple.
  5699 | Temple   | Entered the Ecumenical Temple
  6001 | D:5      | Reached XP level 8. HP: 40/49 MP: 8/8
  7106 | D:6      | Reached XP level 9. HP: 55/55 MP: 9/9
  7167 | D:6      | Found an iron altar of Okawaru.
  7182 | D:6      | Became a worshipper of Warmaster Okawaru
  7451 | D:7      | Noticed Maggie
  7459 | D:7      | Killed Maggie
  7460 | D:7      | Reached skill level 1 in Invocations
  7479 | D:6      | Reached * piety under Okawaru
  7624 | D:7      | Found a glowing golden altar of the Shining One.
  7652 | D:7      | Found a broken altar of Ashenzari.
  7662 | D:6      | HP: 1/55 [orc priest/divine providence (9)]
  7668 | D:6      | HP: 2/55 [orc priest (1)]
  8110 | D:6      | Reached skill level 5 in Shields
  8723 | D:7      | Found a shimmering altar of Xom.
  8784 | D:7      | Gained mutation: You are partially covered in iridescent
                  | scales. (AC +2) [potion of mutation]
  8784 | D:7      | Gained mutation: You passively map a small area around you.
                  | [potion of mutation]
  8834 | D:7      | Found a bloodstained altar of Trog.
  8933 | D:7      | Found a hazy altar of Hepliaklqana.
  9745 | D:8      | Found a stormy altar of Qazlal.
  9764 | D:8      | Found a hide-covered altar of Uskayaw.
  9817 | D:8      | Reached XP level 10. HP: 60/61 MP: 12/12
  9825 | D:8      | Noticed a death yak
  9832 | D:8      | Noticed a death yak
  9832 | D:8      | Noticed a death yak
  9834 | D:8      | Noticed a death yak
  9834 | D:8      | Noticed a death yak
  9834 | D:8      | Noticed a death yak
  9843 | D:7      | HP: 3/61 [death yak (17)]
  9844 | D:7      | Slain by a death yak

Illustrated notes

Levels and vault maps discovered:
D:1:      dpeg_arrival_tiny_a, layout_rooms,
          shapermc_ecumenical_altar_totnotflames, glass_columns_a,
          dk_noncrumbling_3, supply_closet_lemuel,
          chequers_serial_rivers_room_b, chequers_serial_rivers_room_a
D:2:      layout_basic, minmay_vboxes
D:3:      layout_loops_ring, nzn_wu_jian_council_hall
D:4:      layout_loops_ring
D:5:      layout_loops_ring, jmf_multi_god_temple,
          minmay_temple_entry_antechambers, uniq_duvessa
D:6:      layout_cave_pools, okawaru_gym_becter
D:7:      layout_gridville, kennysheep_mini_moat, tso_oasis_becter,
          mainiacjoe_overflow_concentric_impassable,
          nicolae_concentric_dashed_squares_wild, hangedman_feature_mirror,
          uniq_maggie
D:8:      layout_gridville, mainiacjoe_overflow_six_doors_small,
          mainiacjoe_overflow_boulevard, lemuel_zombie_altar_kikubaaqudgha,
          dpeg_lair_monsters, minmay_misc_feat_plants, hex_large
Temple:   dpeg_chambers_temple

Skill      XL: |  1  2  3  4  5  6  7  8  9 |
---------------+----------------------------+-----
Axes           | 2 3 4 5 6 7 |  7.8
Fighting       | 4 5 6 |  6.7
Armour         | 4 5 6 7 |  7.3
Evocations     | 1 2 3 4 |  4.8
Shields        | 4 5 |  5.3
Invocations    | 3 |  3.0
Dodging        | |  0.1
Stealth        | |  0.4

Action                   |  1- 3 |  4- 6 |  7- 9 | 10-12 || total
-------------------------+-------+-------+-------+-------++-------
Melee: War axe           |    93 |   213 |   116 |       ||   422
       Hand axe          |       |       |   184 |    11 ||   195
  Use: Scroll            |     4 |    12 |     3 |       ||    19
       Potion            |       |     3 |     2 |       ||     5
Armor: Scale mail        |    47 |   124 |    45 |       ||   216
       Chain mail        |       |       |    94 |       ||    94
       Plate armour      |       |       |   140 |     2 ||   142
Dodge: Dodged            |    52 |   103 |   132 |     2 ||   289
Block: Buckler           |    15 |    54 |    78 |     1 ||   148
